Cogmind - Beta 14 @@@ ROGUE MODE // 2025.03.10 @ 21:20:10 Player: Leech Result: Self-destructed Performance ------------- Evolutions (1) 500 Regions Visited (3) 600 Robots Destroyed (33) 165 Value Destroyed (777) 777 Prototype IDs (1) 20 Alien Tech Used (0) 0 Bonus (15) 15 TOTAL SCORE: 2077 Bonus ------- High Alert Combat Kills 24 Friendly Fire -9 Cogmind --------- Core Integrity 268/400 Matter 300/300 Energy 250/250 System Corruption 0% Temperature Cool (30) Movement Walking (190) Ox1 Location -9/Materials Parts ------- > --- POWER (1) -------- Ion Engine > --- PROPULSION (3) --- Aluminum Leg Aluminum Leg > --- UTILITY (3) ------ Large Storage Unit Advanced Targeting Computer > --- WEAPON (2) ------- Beam Rifle > --- INVENTORY (15) --- Ion Engine Light Angular Momentum Engine Aluminum Leg Carbon-fiber Leg Huge Storage Unit High-capacity Matter Pod (200) Light Armor Plating Hacking Suite Decoy Drone Bay Light Assault Rifle Light Assault Rifle Grenade Launcher Mace Peak State ------------ > --- POWER ------------ Light Ion Engine > --- PROPULSION ------- Aluminum Leg Aluminum Leg Aluminum Leg > --- UTILITY ---------- Large Storage Unit Advanced Targeting Computer Hardened Medium Armor Plating > --- WEAPON ----------- Beamcaster Light Assault Rifle > --- INVENTORY -------- Ion Engine Light Angular Momentum Engine Aluminum Leg Carbon-fiber Leg Medium Storage Unit High-capacity Matter Pod Hacking Suite Decoy Drone Bay Beam Cannon Light Assault Rifle Grenade Launcher [Rating: 20] Favorites ----------- Power Light Ion Engine Engine Light Ion Engine Propulsion Aluminum Leg Leg Aluminum Leg Utility Advanced Targeting Computer Storage Large Storage Unit Processor Advanced Targeting Computer Protection Hardened Medium Armor Plating Weapon Beam Cannon Energy Gun Beam Rifle Energy Cannon Beam Cannon Ballistic Gun Light Assault Rifle Launcher Grenade Launcher Special Weapon Plasma Cutter Build | -11 -10 -10 -9 ------- Run | Yrd Mat Min Mat Slots Evolved 2 | . . . 2 Power . | . . . . Propulsion 1 | . . . 1 Utility 1 | . . . 1 Weapon . | . . . . Parts Attached 35 | 6 11 3 15 Power 5 | 1 2 . 2 Engine 5 | 1 2 . 2 Core . | . . . . Reactor . | . . . . Propulsion 8 | 2 3 . 3 Treads . | . . . . Leg 8 | 2 3 . 3 Wheel . | . . . . Hover . | . . . . Flight . | . . . . Utility 8 | 1 2 2 3 Device . | . . . . Storage 5 | 1 1 1 2 Processor 2 | . 1 1 . Hackware . | . . . . Protection 1 | . . . 1 Artifact . | . . . . Weapon 14 | 2 4 1 7 Energy Gun 2 | . . . 2 Energy Cannon 3 | . 2 . 1 Ballistic Gun 5 | 2 . 1 2 Ballistic Cannon . | . . . . Launcher 3 | . 2 . 1 Special Weapon 1 | . . . 1 Impact Weapon . | . . . . Slashing Weapon . | . . . . Piercing Weapon . | . . . . Special Melee Weapon . | . . . . Unidentified Prototypes 1 | . . . 1 Parts Lost 8 | . . . 8 Power 2 | . . . 2 Propulsion 2 | . . . 2 Utility 1 | . . . 1 Weapon 3 | . . . 3 Highest Loss Streak 3 | . . . 3 To Critical Strikes . | . . . . Average Slot Usage (%) 98 | . 96 100 97 Engine 12 | . 13 14 10 Leg 29 | . 28 28 31 Storage 13 | . 14 14 11 Processor 12 | . 10 14 11 Protection 3 | . . . 10 Energy Gun 2 | . . . 8 Energy Cannon 12 | . 13 14 9 Ballistic Gun 5 | . 2 9 3 Launcher 5 | . 12 4 . Peak Build Rating 20 | 6 8 12 20 Average Rating 11 | 4 7 11 16 On Entrance 6 | . 6 8 12 Naked Turns . | . . . . Heaviest Build 39 | 10 19 27 39 Greatest Support 30 | 20 20 20 30 Greatest Overweight (x) 1 | 1 1 1 1 Average Overweight (x) . | . . . . Largest Inventory Capacity 25 | 8 10 15 25 Average Capacity 12 | 7 9 13 15 Most Carried 16 | 4 10 13 16 Average Carried 11 | 2 8 11 13 Final Capacity 15 | 8 10 15 15 Final Carried 14 | 4 10 13 14 Class Distribution -------------------- 100% | Mutant Dominant Class ---------------- Mutant | -10/Materials Mutant | -10/Mines Mutant | -9/Materials Resources | -11 -10 -10 -9 ----------- Run | Yrd Mat Min Mat Matter Collected 955 | 234 348 181 192 Remotely . | . . . . Salvage Created 876 | . 348 3 525 Parts 59 | . 30 3 26 Haulers Intercepted 3 | . 2 . 1 Recyclers Shooed 1 | . 1 . . Parts Field Recycled . | . . . . Retrieved Matter . | . . . . Parts Self-Destructed . | . . . . Prevented . | . . . . Kills | -11 -10 -10 -9 ------- Run | Yrd Mat Min Mat Combat Hostiles Destroyed 26 | . 12 1 13 Guns 2 | . . . 2 Cannons 8 | . . . 8 AOE 15 | . 12 1 2 Classes Destroyed 7 | . 6 . 1 Hauler 3 | . 2 . 1 Recycler 1 | . 1 . . Operator 1 | . 1 . . Watcher 2 | . 2 . . Swarmer 11 | . 6 1 4 Grunt 11 | . 6 . 5 Sentry 4 | . . . 4 Best Kill Streak 6 | . 6 1 6 Combat Bots Only 6 | . 4 1 6 Max Kills in Single Turn 4 | . 4 1 2 Gunslinging . | . . . . Exploded 3 | . 3 1 2 Melee . | . . . . Uniques/NPCs Destroyed . | . . . . Combat | -11 -10 -10 -9 -------- Run | Yrd Mat Min Mat Hostile Shots Fired 119 | . 19 . 100 Missed 36 | . 5 . 31 Damage Taken 1126 | . 205 4 917 Core 185 | . 51 2 132 Absorbed by Shields . | . . . . Core Remaining (%) 89 | 100 . 78 . Volleys Fired 76 | . 29 1 46 Largest 2 | . 2 2 2 Hottest 116 | . 90 90 116 Shots Fired 125 | . 38 2 85 Gun 60 | . 6 . 54 Cannon 45 | . 15 1 29 Launcher 20 | . 17 1 2 Special . | . . . . Kinetic 33 | . 6 . 27 Thermal 72 | . 15 1 56 Explosive 20 | . 17 1 2 Electromagnetic . | . . . . Robot Hit Streak 14 | . 5 . 14 Robot Miss Streak 5 | . 5 . 2 Penetration Max . | . . . . Secondary Targets 1 | . . . 1 Max Gunslinging Chain 1 | . . . 1 Shots Hit Robots 79 | . 20 . 59 Core Hits 60 | . 29 2 29 Critical Kills . | . . . . Critical Parts Destroyed . | . . . . Critical Strikes 2 | . . . 2 Burn 2 | . . . 2 Melee Attacks . | . . . . Impact . | . . . . Slashing . | . . . . Piercing . | . . . . Sneak Attacks . | . . . . Combat Hostiles . | . . . . Follow-up Attacks . | . . . . Damage Inflicted 2208 | . 1132 54 1022 Guns 514 | . 13 . 501 Cannons 582 | . 178 . 404 Explosions 1089 | . 936 43 110 Melee . | . . . . Ramming 23 | . 5 11 7 Kinetic 131 | . 13 . 118 Thermal 965 | . 178 . 787 Explosive 1089 | . 936 43 110 Electromagnetic . | . . . . Impact . | . . . . Slashing . | . . . . Piercing . | . . . . Highest Corruption . | . . . . Average Corruption . | . . . . Corruption Purged . | . . . . Corruption Blocked . | . . . . Overload Shots . | . . . . Overflow Damage 10 | . 9 1 . Projectiles . | . . . . Explosions 10 | . 9 1 . Melee . | . . . . Knockbacks . | . . . . Impact . | . . . . Kinetic . | . . . . Secondary . | . . . . Self-Inflicted Damage 57 | . 52 5 . Shots 4 | . 3 1 . Rammed . | . . . . Targets Rammed 10 | . 4 4 2 Kicked 10 | . 4 4 2 Crushed . | . . . . Highest Temperature 517 | . 156 30 517 Average Temperature 152 | . 52 18 181 Received Heat Transfer 366 | . 81 . 285 Effects 7 | . . . 7 Shutdowns 1 | . . . 1 Energy Bleed 2 | . . . 2 Damage (minor) 1 | . . . 1 Damage (major) 3 | . . . 3 Siege Activations . | . . . . Robots Corrupted . | . . . . Combat Hostiles . | . . . . Parts Fried . | . . . . Impact Corruptions . | . . . . Robots Melted 1 | . . . 1 Combat Hostiles 1 | . . . 1 Parts Melted 5 | . . . 5 Heat Transferred 2220 | . 370 . 1850 Parts Sabotaged . | . . . . Parts Stolen . | . . . . Parts Stripped . | . . . . Power Chain Reactions . | . . . . Alert | -11 -10 -10 -9 ------- Run | Yrd Mat Min Mat Peak Influence 459 | . 459 156 237 Initial 127 | . . 127 . Average 115 | . 246 44 112 Maximum Alert Level 2 | . 2 . 1 Low Security (%) 73 | 100 23 100 77 Level 1 23 | . 65 . 22 Level 2 2 | . 10 . . Level 3 . | . . . . Level 4 . | . . . . Level 5 . | . . . . High Security . | . . . . Max Security . | . . . . Squads Dispatched 7 | . 3 1 3 Investigation 5 | . 2 1 2 Extermination . | . . . . Reinforcement 2 | . 1 . 1 Assault . | . . . . Garrison . | . . . . Intercept . | . . . . Searches Triggered . | . . . . Construction Impeded . | . . . . Haulers Reinforced . | . . . . Active Scanning Responses . | . . . . Cargo Convoy Interrupts . | . . . . Stealth | -11 -10 -10 -9 --------- Run | Yrd Mat Min Mat Distress Signals 3 | . 2 . 1 Communications Jammed . | . . . . Distress Signals . | . . . . Times Spotted 41 | . 18 1 22 Peak Tracking Total 8 | . 4 1 8 Tactical Retreats 1 | . . . 1 Traps | -11 -10 -10 -9 ------- Run | Yrd Mat Min Mat Traps Triggered 3 | . 3 . . Indirectly . | . . . . Trap Hack Attempts . | . . . . Triggered . | . . . . Disarmed . | . . . . Reprogrammed . | . . . . Reused . | . . . . Traps Extracted . | . . . . Installed . | . . . . Triggered . | . . . . Machines | -11 -10 -10 -9 ---------- Run | Yrd Mat Min Mat Machines Disabled 4 | . 3 . 1 Max in Single Turn 1 | . 1 . 1 Machines Repaired . | . . . . Machines Dismantled . | . . . . Machines Sabotaged . | . . . . Overloaded Fab Kills . | . . . . Hacking | -11 -10 -10 -9 --------- Run | Yrd Mat Min Mat Machines Accessed 7 | . 3 2 2 Terminals 4 | . 3 . 1 Fabricators . | . . . . Repair Stations 1 | . . . 1 Recycling Units . | . . . . Scanalyzers . | . . . . Garrison Access . | . . . . Total Hacks 15 | . 7 2 6 Successful 9 | . 4 2 3 Failed 6 | . 3 . 3 Catastrophic 1 | . 1 . . Database Lockouts . | . . . . Manual . | . . . . Terminals 9 | . 7 . 2 Fabricators . | . . . . Repair Stations 4 | . . . 4 Recycling Units . | . . . . Scanalyzers . | . . . . Garrison Access . | . . . . Terminal Hacks 7 | . 4 2 1 Record 3 | . 3 . . Open Door 2 | . . 2 . Emergency Access Points 1 | . 1 . . Dispatch Records 1 | . . . 1 Fabricator Hacks . | . . . . Repair Station Hacks 2 | . . . 2 Scan Component 2 | . . . 2 Recycling Unit Hacks . | . . . . Scanalyzer . | . . . . Garrison Access Hacks . | . . . . Unauthorized Hacks . | . . . . Terminals . | . . . . Fabricators . | . . . . Repair Stations . | . . . . Recycling Units . | . . . . Scanalyzers . | . . . . Garrison Access . | . . . . Data Cores Recovered . | . . . . Used . | . . . . Hacking Detections 5 | . 3 . 2 Full Trace Events 3 | . 2 . 1 Feedback Events . | . . . . Feedback Blocked . | . . . . Robot Schematics Acquired . | . . . . Robots Built . | . . . . Authchips . | . . . . Time . | . . . . Total Robot Build Rating . | . . . . Part Schematics Acquired . | . . . . Parts Built . | . . . . Authchips . | . . . . Time . | . . . . Total Part Build Rating . | . . . . Parts Repaired . | . . . . Time . | . . . . Parts Recycled . | . . . . Recycled Matter . | . . . . Retrieved Matter . | . . . . Retrieved Components . | . . . . Parts Scanalyzed . | . . . . Part Schematics Acquired . | . . . . Parts Damaged . | . . . . Bothacking | -11 -10 -10 -9 ------------ Run | Yrd Mat Min Mat Used RIF Installer . | . . . . Robots Hacked . | . . . . Non-combat . | . . . . Combat . | . . . . Robot Hacks Applied . | . . . . Relay Couplers Released . | . . . . Fabnet Peak Effective % . | . . . . Robots Rewired . | . . . . Allies Hacked . | . . . . Hacks Repelled . | . . . . Allies | -11 -10 -10 -9 -------- Run | Yrd Mat Min Mat Total Allies 1 | . . 1 . Largest Group 1 | . . 1 . Highest-Rated Group 31 | . . 31 . Highest-Rated Ally 31 | . . 31 . Total Orders . | . . . . Ally Attacks . | . . . . Total Damage . | . . . . Kills . | . . . . Allies Corrupted . | . . . . Allies Melted . | . . . . Intel | -11 -10 -10 -9 ------- Run | Yrd Mat Min Mat Robot Analysis Total . | . . . . Derelict Logs Recovered 1 | . . 1 . Drone Launches . | . . . . Drone Recoveries . | . . . . Exploration | -11 -10 -10 -9 ------------- Run | Yrd Mat Min Mat Turns Passed 2832 | 89 724 1151 868 Spaces Moved 1640 | 67 520 706 347 Core 10 | 10 . . . Treads . | . . . . Legs 1630 | 57 520 706 347 Wheels . | . . . . Hover . | . . . . Flight . | . . . . Fastest Speed 50 | 50 120 120 120 Average Speed 151 | 113 120 158 189 Slowest Speed 190 | 120 190 190 190 Overloaded Moves . | . . . . Propulsion Burnouts . | . . . . Robots Hopped . | . . . . Cave-ins Triggered . | . . . . Exploration Rate (%) 50 | 4 73 97 27 Regions Visited 3 Branch Regions 1 Pre-discovered Areas . | . . . . Known Exits Taken 2 | . 1 1 . Unknown Exits Taken 1 | 1 . . . Scrap Searched 1 | . . 1 . Spaces Dug 8 | . . 8 . Terrain Destroyed 114 | . 96 8 10 Melee . | . . . . Projectile . | . . . . AOE 114 | . 96 8 10 Terrain Rammed . | . . . . Walls Destroyed . | . . . . Machines Disabled . | . . . . Actions | -11 -10 -10 -9 --------- Run | Yrd Mat Min Mat Total 1866 | 77 577 739 473 Wait 60 | . . 10 50 Move 1637 | 66 519 705 347 Hop . | . . . . Pick Up 34 | 5 10 9 10 Fast Attach 10 | 5 5 . . Attach 9 | 1 . 1 7 Detach 1 | . . 1 . Swap 17 | . 6 2 9 Drop 12 | . 4 6 2 Fire 76 | . 29 1 46 Melee . | . . . . Ram . | . . . . Kick 10 | . 4 4 2 Crush . | . . . . Escape Stasis . | . . . . Rewire . | . . . . Trap . | . . . . Miscellaneous . | . . . . Route ------- -11/Scrapyard -10/Materials (discovered 3 exits: *Mat x2 / *Min) -10/Mines (discovered 2 exits: *Mat x2) -9/Materials (discovered 1 exit: [*Min]) History --------- Turn | Location | Event 9 | -11/Scrapyard | Discovered new exit (range 14) 90 | -11/Scrapyard | Entered Materials 269 | -10/Materials | Discovered new exit (range 8) 283 | -10/Materials | Identified exit to Mines 316 | -10/Materials | Build established: Mutant 355 | -10/Materials | Discovered new exit (range 15) 646 | -10/Materials | Discovered new exit (range 14) 661 | -10/Materials | Identified exit to Materials 814 | -10/Materials | Entered Mines 819 | -10/Mines | Found the Drone Emporium 829 | -10/Mines | Found Prototype Device 899 | -10/Mines | Met a Derelict bent on vengeance 991 | -10/Mines | Received a Mining Laser from a helpful Derelict 1058 | -10/Mines | Met a Derelict shopkeep closing up shop 1841 | -10/Mines | Discovered exit to Materials (range 5) 1965 | -10/Mines | Entered Materials 1965 | -9/Materials | Evolved 2 slots: Propulsion x1, Utility x1 2194 | -9/Materials | Lost 3 parts (1p1n1w) 2795 | -9/Materials | Discovered new exit (range 15) 2833 | -9/Materials | Self-destructed Last Messages --------------- R-06 Scavenger collects Lgt. Treads. K-01 Serf collects debris. R-06 Scavenger collects Heat Sink. K-01 Serf collects debris. Y-45 Defender suffers critical hit (Burn). Beam Cannon destroyed. K-01 Serf destroyed. Heat Sink melted. Y-45 Defender destroyed. K-01 Serf collects debris. Acquired 10 matter. K-01 Serf collects debris. EXIT=FOUND ALERT: Hostiles spotted, dispatching reinforcements to Terminal M002. Plasma Cutter destroyed. Aluminum Leg destroyed. Hrd. Medium Armor Plating destroyed. R-06 Scavenger destroyed. K-01 Serf collects debris. Map ----- +----------------------------------------------------+ | ???????????????????????????????# [#?# # | | ???????????????????????????????# #?# # | | ???????????????????????????????# """"""" #?# + | | ???????????????????????????????# """"""" #?# # | | ???????????????????????????????# """"""" #?# # | | ???????????????????????????????# """"""" #?### ### | | ???????????????????????????????# """"""" #???# #?# | | ??????????????????????#######??# #?### ### | | ??????????????????????# ########+#####?# # | | ??????????????????????# ###### # | | ??????????????????????# % % # | | ??????????????????????# %% ###### %# | | ??????????????????????# ##+########????# # | | ??????????????????????## ##%%! #????####### | | ???????????????????????# ## = #??????????? | | ???????????????????????# ## #??????????? | | ???????????????????????# ## #??????????? | | ?????#### ############## ## #??????????? | | ???? ^ k # #??????????? | | ???? ^^ s # #??????????? | | ???? k # #??????????? | | ??????????############# s ###########??????????? | | ??????????????????????# s w #????????????????????? | | ??????????????????????## ##????????????????????? | | ???????????????????????# #?????????????????????? | | ???????????????????????# @ #?????????????????????? | | ???????????????????????# l #?????????????????????? | | ???????????????????????# #?????????????????????? | | ??????????????????????? =a ?????????????????????? | | ??????????????????????" k%k #????????????????????? | | ?????????????????????!! ! #????????????????????? | | ?????????????????????"" < #????????????????????? | | ????????????????????#|| #????????????????????? | | ????????????????????#"" #????????????????????? | | ????????????????????#" g #????????????????????? | | ?????????????????????### ##????????????????????? | | ???????????????????????# #?????????????????????? | | ???????????????????????r +?????????????????????? | | ??????????????????????? ??????????????????????? | | ??????????????????????? ??????????????????????? | | ??????????????????????? ??????????????????????? | | ?????????????????????????????????????????????????? | | ?????????????????????????????????????????????????? | | ?????????????????????????????????????????????????? | | ?????????????????????????????????????????????????? | | ?????????????????????????????????????????????????? | | ?????????????????????????????????????????????????? | | ?????????????????????????????????????????????????? | | ?????????????????????????????????????????????????? | | ?????????????????????????????????????????????????? | +----------------------------------------------------+ Best States ------------- Heat Dissipation 28 Energy Generation 10 Energy Capacity 250 Matter Stores 300 Matter Capacity 300 Sight Range 16 Terrain Scan Density 10 Armor Coverage 225 Evasion (%) 55 Targeting Accuracy 8 Item Schematics ----------------- None Robot Schematics ------------------ None Fabricated ------------ Nothing Alien Tech Used ----------------- None Achievements -------------- None Challenges ------------ None Game ------ Seed SuperdenseFocalClaw Manual? 0 Play Time 00:23:58 Cumulative 9.9 hours Start 2025.03.10 @ 20:57:21 End 2025.03.10 @ 21:20:10 Sessions 1 Manual Loads 0 Difficulty Rogue Special Mode None Game No. 13 Rogue 13 Adventurer 0 Explorer 0 Win Type - Total 0 Types 0/0/0/0/0/0/0/0/0 Lore% 7 Gallery% 13 Achievement% 14 Wizard Run 0 Options --------- Layout 1 ASCII 0 Keyboard 1 Movement Numpad Keybinds 0 Fullscreen 1 Font 24/Smallcaps Map View 50x35 Zoom Use 0% Tactical HUD 0 Map Filters NONE Filters NONE Steam 1 RUN: aa3176bb-43cc-4330-bcd2-7e9276a93a7e